 Dungeon Crawl Stone Soup version 0.30-a0-852-g08b95dd62f (webtiles) character file.

Game seed: 4973793150979085221

542 Demosthentine the Poker (level 7, 0/54 HPs)
             Began as a Demonspawn Gladiator on Mar 4, 2023.
             Slain by a water moccasin (7 damage)
             ... on level 5 of the Dungeon.
             The game lasted 00:03:24 (3029 turns).

Demosthentine the Poker (Demonspawn Gladiator)      Turns: 3029, Time: 00:03:25

Health: 0/54       AC:  5    Str: 17    XL:     7   Next: 6%
Magic:  7/7        EV: 13    Int:  9    God:
Gold:   167        SH:  0    Dex: 14    Spells: 6/6 levels left

rFire   . . .      SeeInvis .    a - +1 trident
rCold   . . .      Faith    .    (no shield)
rNeg    . . .      Spirit   .    b - +0 leather armour
rPois   .          Reflect  .    (helmet restricted)
rElec   .          Rampage  .    (no cloak)
rCorr   .                        (no gloves)
Will    .....                    (no boots)
Stlth   +                        (no amulet)
HPRegen 0.29/turn                (no ring)
MPRegen 0.10/turn                (no ring)

@: lethally poisoned (0 -> -10)
A: antennae 2, slimy green scales 1, demonic guardian 2
a: no special abilities


You were on level 5 of the Dungeon.
You visited 1 branch of the dungeon, and saw 5 of its levels.

You collected 167 gold pieces.

Inventory:

Hand Weapons
 a - a +1 trident (weapon)
Missiles
 d - 2 throwing nets (quivered)
 e - a javelin
Armour
 b - a +0 leather armour (worn)
Wands
 n - a wand of mindburst (8)
Scrolls
 o - a scroll of fog
Potions
 c - a potion of brilliance
 f - 2 potions of mutation
 g - a potion of magic
 h - 2 potions of ambrosia
 i - a potion of heal wounds
 j - a potion of lignification {unknown}
 k - a potion of cancellation {unknown}
 l - a potion of attraction {unknown}
 m - a potion of might {unknown}
 p - a potion of curing {unknown}


   Skills:
 + Level 4.2 Fighting
 + Level 4.3 Polearms
 - Level 1.7 Throwing
 + Level 3.1 Armour
 + Level 4.2 Dodging


You had 6 spell levels left.
You didn't know any spells.
Your spell library contained the following spells:

 Spells                   Type           Power      Damage    Failure   Level
 Beastly Appendage        Tmut           0%         N/A       43%         1
 Sandblast                Erth           0%         2d4       43%         1
 Shock                    Conj/Air       0%         1d3       43%         1
 Wereblood                Tmut           0%         N/A       58%         2
 Spider Form              Tmut/Pois      0%         N/A       82%         3
 Swiftness                Air            0%         N/A       82%         3
 Airstrike                Air            0%         2d(0-16)  99%         4


Dungeon Overview and Level Annotations

Branches:
Dungeon (4/15)
 Temple: D:4-7

Altars:
Dithmenos
Hepliaklqana
Kikubaaqudgha
Makhleb


Innate Abilities, Weirdness & Mutations

You have a pair of antennae on your head.
You are partially covered in slimy green scales. (AC +2)
A demonic guardian rushes to your aid.


Message History

You barely miss the water moccasin. The water moccasin bites you.
You miss the water moccasin. The water moccasin bites you.
You are poisoned.
The water moccasin poisons you! The water moccasin misses you.
You hit the water moccasin but do no damage.
You feel very sick. The water moccasin bites you.
The water moccasin closely misses you.
You hit the water moccasin.
The water moccasin is lightly wounded.
You feel very sick.
The water moccasin bites you but does no damage.
You miss the water moccasin.
The water moccasin is lightly wounded.
You feel sick. The water moccasin barely misses you.
The water moccasin bites you but does no damage.
You miss the water moccasin.
The water moccasin is lightly wounded.
You feel sick.
The water moccasin completely misses you.
You are too injured to fight recklessly!
You are too injured to fight recklessly!
You hit the water moccasin.
The water moccasin is lightly wounded.
You feel sick.
The water moccasin barely misses you. x2
You puncture the water moccasin!
The water moccasin is heavily wounded.
You feel sick. The water moccasin misses you.
You hit the water moccasin.
The water moccasin is severely wounded.
You feel sick. The water moccasin bites you!
You are more poisoned.
The water moccasin poisons you! The water moccasin bites you!
* * * LOW HITPOINT WARNING * * *
A demonic guardian appears!
You puncture the water moccasin!
The water moccasin is almost dead.
* * * LOW HITPOINT WARNING * * *
You feel very sick. The water moccasin bites you!
You die...

..###........##
#...~~~
..##.........##
###..~.
#.#..........#
##...
#..............
##.#
##.......#####.(
#.. #......## .
### ##..#..##
#....### {
#..#.@.# {
#..###S4#{{ #..
...# #.. #....
#.# ......
.....##. ....##
#. #...## #.


You could see a water moccasin (ally target) and a friendly ice devil
(summoned).

Vanquished Creatures
  Grinder (D:5)
  A phantom (D:4)
  A scorpion (D:5)
  An orc priest (D:3)
  Jessica (D:2)
  An adder (D:3)
  A worm (D:3)
  A dart slug (D:3)
  8 orcs
  A bat (D:1)
  5 endoplasms
  3 giant cockroaches
  4 goblins
  6 hobgoblins
  5 jackals
  2 quokkas
  8 ball pythons
  3 frilled lizards
  7 kobolds
  3 rats
63 creatures vanquished.

Vanquished Creatures (collateral kills)
  A scorpion (D:4)
  Ijyb (D:4)
  An orc (D:3)
  A kobold (D:4)
4 creatures vanquished.

Grand Total: 67 creatures vanquished

Notes
Turn   | Place    | Note
-------+----------+-------------------------------------------
     0 | D:1      | Demosthentine the Demonspawn Gladiator began the quest for
                  | the Orb.
     0 | D:1      | Reached XP level 1. HP: 16/16 MP: 1/1
    88 | D:1      | Gained mutation: You have a pair of small antennae on your
                  | head. [demonic ancestry]
    88 | D:1      | Reached XP level 2. HP: 12/22 MP: 2/2
   212 | D:1      | HP: 1/22 [frozen (3)]
   333 | D:1      | Found a faded altar of an unknown god.
   343 | D:1      | Got Plato's Monograph on Mud
   552 | D:1      | Reached skill level 1 in Armour
   822 | D:2      | Gained mutation: A weak demonic guardian rushes to your
                  | aid. [demonic ancestry]
   822 | D:2      | Reached XP level 3. HP: 28/28 MP: 3/3
   875 | D:2      | Found a hazy altar of Hepliaklqana.
  1337 | D:2      | Noticed Jessica
  1341 | D:2      | Killed Jessica
  1459 | D:3      | Gained mutation: A demonic guardian rushes to your aid.
                  | [demonic ancestry]
  1459 | D:3      | Reached XP level 4. HP: 34/34 MP: 4/4
  2058 | D:3      | Found an ancient bone altar of Kikubaaqudgha.
  2064 | D:3      | Gained mutation: You have a pair of antennae on your head.
                  | [demonic ancestry]
  2064 | D:3      | Reached XP level 5. HP: 41/41 MP: 5/5
  2230 | D:3      | Found a burning altar of Makhleb.
  2240 | D:3      | Found a hazy altar of Hepliaklqana.
  2380 | D:4      | Noticed a phantom
  2392 | D:4      | Killed a phantom
  2425 | D:4      | Gained mutation: You are partially covered in slimy green
                  | scales. (AC +2) [demonic ancestry]
  2425 | D:4      | Reached XP level 6. HP: 30/47 MP: 6/6
  2587 | D:4      | Noticed Ijyb
  2590 | D:4      | Found a shadowy altar of Dithmenos.
  2594 | D:4      | Killed Ijyb
  2757 | D:4      | You fall into a shaft and drop 1 floor!
  2757 | D:5      | Entered Level 5 of the Dungeon
  2932 | D:5      | Noticed Grinder
  2946 | D:5      | Killed Grinder
  2947 | D:5      | Reached XP level 7. HP: 34/54 MP: 7/7
  3029 | D:5      | Slain by a water moccasin

Illustrated notes

Levels and vault maps discovered:
D:1:      minmay_arrival_five_plusses, layout_basic,
          shapermc_ecumenical_altar_rom_forum
D:2:      wander_river, layout_loops_ring, basic_altar, uniq_jessica
D:3:      layout_loops_ring, lemuel_round_altar, mainiacjoe_overflow_big_doors
D:4:      layout_rooms, nicolae_dithmenos_shadow_blocks,
          mainiacjoe_overflow_surrounded_room, okawaru_trees_2,
          mainiacjoe_overflow_tiny_flanked, glass_columns_c, uniq_ijyb
D:5:      layout_cave_pods, mainiacjoe_overflow_paths,
          gammafunk_ghost_nasty_kobolds, amcnicky_mini_pool_small,
          serial_park_tiny_pond, uniq_grinder, uniq_blork_the_orc

Skill      XL: |  1  2  3  4  5  6 |
---------------+-------------------+-----
Polearms       | 3 4 |  4.3
Armour         | 1 2 3 |  3.1
Dodging        | 3 4 |  4.2
Fighting       | 3 4 |  4.2
Throwing       | |  1.7

Action                     |  1- 3 |  4- 6 |  7- 9 || total
---------------------------+-------+-------+-------++-------
  Melee: Trident           |   126 |   124 |    12 ||   262
         Punch             |       |     2 |       ||     2
  Throw: Throwing net      |       |     1 |       ||     1
    Use: Scroll            |     5 |     2 |       ||     7
         Potion            |       |     4 |       ||     4
   Stab: Sleeping          |       |     2 |       ||     2
 Armour: Leather armour    |    39 |    19 |     3 ||    61
  Dodge: Dodged            |    76 |    57 |     7 ||   140

Table legend: (Time is in decaauts)
 A = Elapsed time spent in this place.
 B = Non-inter-level travel time spent in this place.
 C = Inter-level travel time spent in this place.
 D = Time resting spent in this place.
 E = Time spent auto-exploring this place.
 F = Levels seen in this place.
 G = Mean time per level.
                   A        B        C        D        E       F      G
               +--------+--------+--------+--------+--------+-----+--------+
         Total |   3081 |   3037 |     44 |    436 |   2052 |   5 |  616.2 |
       Dungeon |   3081 |   3037 |     44 |    436 |   2052 |   5 |  616.2 |
               +--------+--------+--------+--------+--------+-----+--------+

Top non-repeatable levels by time:
     D:3: 937 daAuts
     D:1: 833 daAuts
     D:2: 650 daAuts
     D:4: 384 daAuts
     D:5: 275 daAuts
